 Dungeon Crawl Stone Soup version 0.19-a0-1714-gcab94ab (webtiles) character file.

10010 kae the Fencer (level 11, -2/75 HPs)
             Began as a Formicid Fighter on Sept 28, 2016.
             Was an Elder of Makhleb.
             Killed from afar by a fire dragon (48 damage)
             ... with a blast of flame
             ... on level 10 of the Dungeon.
             The game lasted 00:24:37 (11648 turns).

kae the Fencer (Formicid Fighter)                  Turns: 11648, Time: 00:24:37

Health: -2/75      AC: 13    Str: 27    XL:     11   Next: 85%
Magic:  15/15      EV: 11    Int:  8    God:    Makhleb [****..]
Gold:   635        SH: 12    Dex: 10    Spells: 0 memorised, 10 levels left

rFire  . . .     SeeInvis +     a - +3 great sword (slice)
rCold  + . .     Gourm    .     j - +2 scale mail {rC+}
rNeg   + + +     Faith    .     c - +1 shield
rPois  .         Spirit   .     (helmet unavailable)
rElec  .         Dismiss  .     l - +0 cloak
rCorr  .         Reflect  .     P - +0 pair of gloves
MR     +....     Harm     .     N - +0 pair of boots of Zin's Outrage {*Slow rN+++ Str+3 Stlth+}
Stlth  ++........               B - amulet of regeneration
                                m - +2 ring of evasion
                                p - ring of stealth

@: no status effects
A: permanent stasis, dig shafts and tunnels, four strong arms, antennae 3,
evolution 1
a: Dig, Shaft Self, Minor Destruction, Lesser Servant of Makhleb, Major
Destruction, Renounce Religion


You were on level 10 of the Dungeon.
You worshipped Makhleb.
Makhleb was greatly pleased with you.
You were hungry.

You visited 2 branches of the dungeon, and saw 11 of its levels.
You also visited: Sewer and Bailey.

You collected 752 gold pieces.
You spent 117 gold pieces at shops.

Inventory:

Hand Weapons
 a - a +3 great sword of slicing (weapon)
 b - a +1 scimitar of freezing
Armour
 c - a +1 shield (worn)
 j - a +2 scale mail of cold resistance (worn)
 l - a +0 cloak (worn)
 N - the +0 pair of boots of Zin's Outrage (worn) {*Slow rN+++ Str+3 Stlth+}
   (You found it on level 8 of the Dungeon)

   It affects your strength (+3).
   It renders you almost immune to negative energy.
   It may slow you when you take damage.
   It makes you more stealthy.
 O - a +1 large shield of protection
 P - a +0 pair of gloves (worn)
Jewellery
 m - a +2 ring of evasion (right hand)
 p - a ring of stealth (left hand)
 s - an uncursed amulet of magic regeneration
 y - an uncursed ring of fire
 B - an amulet of regeneration (around neck)
 F - a +3 ring of intelligence
 J - the ring "Lymooch" {*Tele rPois rC- Dex+3, unknown}
   (You took it off a centaur on level 10 of the Dungeon)

   [ring of teleportation]

   It may teleport you next to monsters.
   It affects your dexterity (+3).
   It makes you vulnerable to cold.
   It protects you from poison.
 M - an uncursed ring of fire
Wands
 A - a wand of lightning (5/15)
 C - a wand of random effects (11/48)
 E - a wand of lightning (7/15)
 K - a wand of flame (33/48)
Scrolls
 i - a scroll of enchant armour
 k - 8 scrolls of remove curse
 r - 2 scrolls of magic mapping
 u - 4 scrolls of fear
 w - 3 scrolls of amnesia
 D - a scroll of fog
Potions
 d - 4 potions of flight
 e - 3 potions of cure mutation
 h - 6 potions of curing
 q - a potion of mutation
 v - a potion of haste {unknown}
 x - 2 potions of degeneration
 H - a potion of resistance {unknown}
 I - a potion of ambrosia {unknown}
 R - a potion of brilliance {unknown}
Books
 t - a book of Callings

   Spells                             Type                      Level
   a - Summon Small Mammal            Summoning                    1
   b - Call Imp                       Summoning                    2
   c - Call Canine Familiar           Summoning                    3
   d - Summon Guardian Golem          Hexes/Summoning              3
   e - Summon Lightning Spire         Summoning/Air                4
   f - Summon Ice Beast               Ice/Summoning                4
 L - a book of Conjurations

   Spells                             Type                      Level
   a - Magic Dart                     Conjuration                  1
   b - Searing Ray                    Conjuration                  2
   c - Dazzling Spray                 Conjuration/Hexes            3
   d - Fulminant Prism                Conjuration/Hexes            4
   e - Iskenderun's Mystic Blast      Conjuration                  4
   f - Iskenderun's Battlesphere      Conjuration/Charms           5
 Q - a book of Summonings

   Spells                             Type                      Level
   a - Recall                         Summoning/Translocation      3
   b - Aura of Abjuration             Summoning                    5
   c - Summon Demon                   Summoning                    5
   d - Summon Forest                  Summoning/Translocation      5
   e - Summon Mana Viper              Hexes/Summoning              5
   f - Shadow Creatures               Summoning                    6
Comestibles
 f - 10 bread rations
 g - a beef jerky
 n - 4 meat rations
 z - 2 fruits
 G - 2 slices of pizza


   Skills:
 - Level 3.2 Fighting
 * Level 15.5 Long Blades
 - Level 3.2 Armour
 + Level 6.7 Shields
 + Level 6.5 Invocations


You had 10 spell levels left.
You didn't know any spells.

Dungeon Overview and Level Annotations

Branches:
Dungeon (10/15)            Temple (1/1) D:6             Orc (0/2) D:10
   Lair: D:8-11

Altars:
Ashenzari
Cheibriados
Dithmenos
Elyvilon
Fedhas
Gozag
Hepliaklqana
Kikubaaqudgha
Makhleb
Nemelex Xobeh
Okawaru
Qazlal
Ru
Sif Muna
Trog
Uskayaw
Vehumet
Xom
Yredelemnul
Zin
The Shining One

Shops:
D:6 [   D:9 (

Annotations:
D:4 1 runed door
D:5 Soeti's ghost, novice DECj
D:7 Xiguana's ghost, novice DsCK


Innate Abilities, Weirdness & Mutations

You are under a permanent stasis effect.
You can dig through walls and to a lower floor.
Your four strong arms can wield two-handed weapons with a shield.
You have a pair of large antennae on your head. (SInv)
You evolve.


Message History

You dig through the rock wall.
You dig through the rock wall.
You dig through the rock wall.
You dig through the rock wall.
You dig through the rock wall.
You dig through the rock wall.
The fire dragon roars deafeningly!
You dig through the rock wall.
You are feeling hungry.
The fire dragon breathes flames at you. The blast of flame hits you!
Found 34 gold pieces.
This wall is too hard to dig through.
You are already prepared to dig.
You dig through the rock wall.
You dig through the rock wall.
The fire dragon breathes flames at you. The blast of flame hits you!
Ouch! That really hurt!
You die...

#≈≈.§≈§≈≈≈#≈.##
##...§≈≈≈≈≈≈#.#
#...≈≈≈≈≈§§#.#
..$$≈≈§§§§≈.#
.?$a≈≈§§§≈≈.#
!?§≈≈≈§D≈≈≈.#
$≈≈≈≈≈§≈#.#
#§≈≈≈≈#.##
##≈≈≈..@#
########


You could see a fire dragon.

Vanquished Creatures
  An unseen horror (D:10)
  A gargoyle (D:10)
  A two-headed ogre (D:9)
  A troll (D:10)
  A meliai zombie (D:10)
  Sigmund (D:2)
  A spriggan (D:9)
  4 yaks (D:9)
  A hungry ghost (D:10)
  6 orc warriors
  4 ice beasts
  2 phantoms
  2 sky beasts
  A necrophage (D:10)
  11 ogres
  A centaur (D:10)
  2 big kobolds
  5 bullfrogs
  2 gnoll sergeants (D:10)
  2 scorpions (D:6)
  8 killer bees
  5 wights (D:8)
  5 howler monkeys
  A centaur zombie (D:6)
  3 crimson imps
  11 hounds
  A jelly (D:3)
  2 quasits (D:7)
  2 centaur skeletons (D:7)
  9 orc priests
  2 bullfrog skeletons
  17 orc wizards
  Jessica (D:2)
  Terence (D:2)
  2 iguanas
  14 worker ants
  Robin (D:3)
  2 worker ant zombies (D:8)
  4 gnolls
  11 adders
  3 shadow imps
  16 oozes
  2 adder skeletons (D:4)
  4 worms
  3 dart slugs
  15 leopard geckos
  46 orcs
  19 giant cockroaches
  14 goblins
  16 hobgoblins
  4 jackals (D:9)
  19 kobolds
  4 quokkas
  14 ball pythons
  5 bats
  19 frilled lizards
  A jackal skeleton (D:7)
  2 jackal zombies
  5 rats
363 creatures vanquished.

Vanquished Creatures (collateral kills)
  Gastronok (D:10)
  A hungry ghost (D:10)
  An ogre (D:10)
3 creatures vanquished.

Grand Total: 366 creatures vanquished

Notes
Turn   | Place    | Note
-------+----------+-------------------------------------------
     0 | D:1      | kae the Formicid Fighter began the quest for the Orb.
     0 | D:1      | Reached XP level 1. HP: 18/18 MP: 1/1
     6 | D:1      | Noticed a black bear
     6 | D:1      | Noticed a salamander
     6 | D:1      | Noticed a komodo dragon
     6 | D:1      | Noticed a hog
     6 | D:1      | Noticed a worker ant
   197 | D:1      | Reached XP level 2. HP: 24/24 MP: 2/2
   339 | D:1      | Reached skill level 3 in Long Blades
   619 | D:1      | Reached XP level 3. HP: 29/29 MP: 3/3
  1148 | D:2      | Found a shadowy altar of Dithmenos.
  1338 | D:2      | Found a basalt altar of Yredelemnul.
  1497 | D:2      | Reached skill level 4 in Long Blades
  1497 | D:2      | Reached XP level 4. HP: 35/35 MP: 4/4
  1548 | D:2      | Noticed Terence
  1549 | D:2      | Noticed Sigmund
  1563 | D:2      | Killed Terence
  1652 | D:2      | Noticed Jessica
  1662 | D:2      | Killed Jessica
  1662 | D:2      | Reached XP level 5. HP: 41/41 MP: 5/5
  1675 | D:2      | Killed Sigmund
  1675 | D:2      | Reached skill level 6 in Long Blades
  1675 | D:2      | Reached XP level 6. HP: 25/47 MP: 6/6
  2148 | D:3      | Found an iron altar of Okawaru.
  2240 | D:3      | Reached skill level 7 in Long Blades
  2240 | D:3      | Reached XP level 7. HP: 48/52 MP: 7/7
  2269 | D:3      | Noticed Robin
  2310 | D:3      | Killed Robin
  2976 | D:3      | Reached skill level 8 in Long Blades
  3441 | D:4      | Reached XP level 8. HP: 43/58 MP: 8/8
  3461 | D:4      | Reached skill level 9 in Long Blades
  3887 | D:4      | Found a runed door.
  3887 | D:4      | Found a glowing golden altar of the Shining One.
  3887 | D:4      | Noticed an angel
  4583 | D:5      | Entered Level 5 of the Dungeon
  4825 | D:5      | Found a bloodstained altar of Trog.
  4985 | D:5      | Noticed Soeti's ghost (novice DECj)
  5229 | D:4      | Reached skill level 10 in Long Blades
  5687 | D:5      | Reached XP level 9. HP: 64/64 MP: 9/9
  5982 | D:5      | Reached skill level 11 in Long Blades
  6043 | D:6      | Found a white marble altar of Elyvilon.
  6062 | D:6      | Found a glowing drain.
  6093 | D:6      | Found Liyc Buo's Antique Armour Shop.
  6116 | D:6      | Found a staircase to the Ecumenical Temple.
  6121 | Temple   | Entered the Ecumenical Temple
  6137 | Temple   | Became a worshipper of Makhleb the Destroyer
  6195 | Sewer    | Entered a sewer
  6316 | Sewer    | Reached * piety under Makhleb
  6601 | Sewer    | Reached ** piety under Makhleb
  6877 | D:6      | Reached skill level 12 in Long Blades
  7445 | D:6      | Found a glowing golden altar of the Shining One.
  7446 | D:6      | Found an ancient bone altar of Kikubaaqudgha.
  7512 | D:7      | Reached XP level 10. HP: 65/70 MP: 10/10
  7618 | D:7      | Found a flagged portal.
  7633 | Bailey   | Entered a bailey
  7659 | Bailey   | Noticed an orc warlord
  7724 | Bailey   | Noticed Xiguana's ghost (novice DsCK)
  7825 | D:7      | Noticed Xiguana's ghost (novice DsCK)
  7827 | D:7      | Gained mutation: You evolve. [potion of beneficial mutation]
  7902 | D:7      | Reached *** piety under Makhleb
  7902 | D:7      | Reached skill level 13 in Long Blades
  8877 | D:7      | Found a hazy altar of Hepliaklqana.
  8878 | D:7      | Found a shimmering altar of Xom.
  8879 | D:7      | Noticed a spectral ugly thing
  9259 | D:8      | Reached skill level 14 in Long Blades
  9429 | D:8      | Reached **** piety under Makhleb
  9475 | D:8      | Got a pair of pitted boots
  9494 | D:8      | Identified the +0 pair of boots of Zin's Outrage {*Slow rN+++ Str+3 Stlth+} (You found it on level 8 of the Dungeon)
 10028 | D:9      | Found a sparkling altar of Nemelex Xobeh.
 10500 | D:9      | Found Feet's Antique Weapon Shop.
 10579 | D:9      | Found an opulent altar of Gozag.
 10613 | D:9      | Found a snail-covered altar of Cheibriados.
 10629 | D:9      | Bought a glowing great sword for 117 gold pieces
 10701 | D:9      | Reached skill level 1 in Invocations
 10701 | D:9      | Reached XP level 11. HP: 74/75 MP: 10/12
 10855 | D:10     | Entered Level 10 of the Dungeon
 10873 | D:10     | Reached skill level 5 in Shields
 10918 | D:10     | Reached skill level 5 in Invocations
 10943 | D:10     | Noticed an unseen horror
 10949 | D:10     | Reached ***** piety under Makhleb
 10954 | D:10     | Killed an unseen horror
 10954 | D:10     | Reached skill level 15 in Long Blades
 11056 | D:10     | Found a staircase to the Orcish Mines.
 11383 | D:10     | Got a faintly glowing brass ring
 11393 | D:10     | Noticed Gastronok
 11406 | D:10     | Killed Gastronok
 11561 | D:10     | Noticed a fire dragon
 11648 | D:10     | Killed from afar by a fire dragon

Vault maps used:
D:1:      onia_arrival_zoo_common, roderic_serpentine_path
D:2:      yredelemnul_altar_generic, nicolae_dithmenos_through_a_glass_darkly,
          serial_glass, glass_columns_a, glass_columns_a, item_on_display_a,
          item_on_display_a, due_unseen_surprise, feat_on_display, first_bread,
          minivault_5, uniq_sigmund, uniq_terence, uniq_jessica
D:3:      okawaru_altar_gauntlet_db, uniq_robin
D:4:      lemuel_angel_altar
D:5:      bloody_trog, serial_glass, glass_columns_a, glass_columns_c
D:6:      kennysheep_mini_moat, gammafunk_temple_overflow_pools, serial_shops,
          shop, portal_sewer_entry_d
D:7:      cheibrodos_quashed, regret_index_temple_of_mockery,
          nicolae_ossuary_entry_false_entrances, enter_bailey_2
D:9:      lemuel_doored_altar, nicolae_gozag_seed_capital, serial_shops,
          nicolae_shop_stone, the_bakery, basic_loot_grate_trap,
          nemelex_dance_club_becter
D:10:     dragon1_lemuel, kennysheep_orc_monster_closet_entryway, moated_statue,
          uniq_gastronok
Temple:   eino_temple_lava
Sewer:    sewer_frog_island_02
Bailey:   bailey_axe_bossmonster_kennysheep, bailey

Skill      XL: |  1  2  3  4  5  6  7  8  9 10 11 |
---------------+----------------------------------+-----
Long Blades    | 3 4 6 7 8 10 12 14 15 | 15.5
Invocations    | 1 6 |  6.5
Shields        | 6 |  6.7
Fighting       | |  3.2
Armour         | |  3.2

Action                   |  1- 3 |  4- 6 |  7- 9 | 10-12 || total
-------------------------+-------+-------+-------+-------++-------
Melee: Long sword        |    90 |    96 |   797 |   397 ||  1380
       Scimitar          |       |       |       |   155 ||   155
       Great sword       |       |       |       |   117 ||   117
Invok: Lesser Servant of |       |       |       |     3 ||     3
 Abil: Dig               |     1 |     2 |     2 |     7 ||    12
Evoke: Wand              |       |       |     1 |       ||     1
  Use: Potion            |       |     1 |       |     2 ||     3
       Scroll            |       |       |    10 |     8 ||    18
 Stab: Distracted        |       |       |       |     1 ||     1
       Sleeping          |       |       |       |     1 ||     1
  Eat: Chunk             |     2 |     3 |    17 |    17 ||    39
       Fruit             |       |       |     1 |       ||     1
Armor: Scale mail        |    30 |    31 |   262 |   170 ||   493
Dodge: Dodged            |    15 |    32 |   204 |   185 ||   436
Block: Shield            |    36 |    34 |   341 |   283 ||   694
